 Dungeon Crawl Stone Soup version 0.26-a0-712-ga5a9c9c9d0 (webtiles) character file.

Game seed: 1074024577984750941

530 Azzok the Shield-Bearer (level 7, 39/52 HPs)
             Began as a Demonspawn Fighter on Nov 3, 2020.
             Quit the game on level 4 of the Dungeon.
             The game lasted 00:04:46 (4377 turns).

Azzok the Shield-Bearer (Demonspawn Fighter)        Turns: 4377, Time: 00:04:46

Health: 39/52      AC:  7    Str: 19    XL:     7   Next: 3%
Magic:  7/7        EV:  7    Int:  9    God:
Gold:   141        SH: 10    Dex: 18    Spells: 6/6 levels left

rFire    + . .     SeeInvis .     - Unarmed
rCold    + + .     Faith    .   c - +0 kite shield
rNeg     . . .     Spirit   .   b - +0 scale mail
rPois    .         Reflect  .   m - +0 helmet
rElec    .         Harm     .   k - scarf {rC+ rF+}
rCorr    .         Rampage  .   (gloves unavailable)
MR       .....                  (no boots)
Stlth    ..........             (no amulet)
HPRegen  0.17/turn              j - +6 ring of dexterity
MPRegen  0.10/turn              (no ring)

@: no status effects
A: claws 3, cold resistance 1, demonic guardian 1
a: no special abilities


You were on level 4 of the Dungeon.
You visited 1 branch of the dungeon, and saw 4 of its levels.

You collected 141 gold pieces.

Inventory:

Hand Weapons
 a - a +0 war axe
 h - a +1 halberd of venom
Armour
 b - a +0 scale mail (worn)
 c - a +0 kite shield (worn)
 k - a scarf of resistance (worn)
 m - a +0 helmet (worn)
Jewellery
 j - a +6 ring of dexterity (left claw)
Scrolls
 e - 2 scrolls of teleportation {unknown}
 f - a scroll of amnesia {unknown}
 g - a scroll of enchant armour {unknown}
 i - 4 scrolls of identify {unknown}
 l - 5 scrolls of remove curse {unknown}
 n - a scroll of fog {unknown}
 p - 2 scrolls of blinking {unknown}
 q - a scroll of noise {unknown}
 t - a scroll of immolation {unknown}
Potions
 d - a potion of might
 o - a potion of degeneration {unknown}
 r - 2 potions of curing {unknown}
 s - 2 potions of stabbing
 u - a potion of flight
 v - a potion of brilliance


   Skills:
 - Level 3.0 Fighting
 - Level 2.1 Axes
 - Level 2.6 Armour
 + Level 5.5 Shields
 + Level 4.3 Unarmed Combat


You had 6 spell levels left.
You didn't know any spells.
Your spell library was empty.

Dungeon Overview and Level Annotations

Branches:
Dungeon (4/15)
 Temple: D:4-7

Altars:
Trog


Innate Abilities, Weirdness & Mutations

You have claws for hands.
Your flesh is cold resistant. (rC+)
A weak demonic guardian rushes to your aid.


Message History

You closely miss Ijyb.
Ijyb is heavily wounded.
You block Ijyb's attack.
You scratch Ijyb.
Ijyb is severely wounded.
You block Ijyb's attack.
You closely miss Ijyb.
Ijyb is severely wounded.
Ijyb hits you with a +2 dagger of pain.
You barely miss Ijyb.
Ijyb is severely wounded.
Ijyb hits you with a +2 dagger of pain.
You writhe in agony.
You claw Ijyb!
You kill Ijyb!
You have reached level 7!
Your demonic ancestry asserts itself...
You feel the presence of a demonic guardian.
Quiver which item? (- for none, * to show all) (? for menu, Esc to quit)
Okay, then.
Are you sure you want to abandon this character and quit the game? (Confirm with "yes".)

▒▒·▒▒▒▒▒········▒▒ ▒·· ▒·▒
▒▒········▒▒▒▒·· ▒▒▒▒
▒··········▒▒·▒ ▒·▒▒
▒···········▒·· ▒▒··▒▒
▒·············▒ ▒▒·▒··▒▒▒
▒·············▒
▒▒▒··▒▒···▒▒··············▒
▒····▒▒····▒··▒▒▒▒▒········
▒▒▒·▒▒▒···@)····▒ ▒········
▒▒························
▒·························
▒····▒▒·······▒▒▒▒▒▒▒·····
▒···▒▒▒······▒▒ ▒▒·····
▒···▒▒▒······▒▒ ▒······
▒····▒········▒▒▒▒▒▒··▒···
▒····················▒▒▒▒·
▒···················▒▒▒▒··


There were no monsters in sight!

Vanquished Creatures
  An ogre (D:4)
  A water moccasin skeleton (D:4)
  An orc priest (D:4)
  A centaur skeleton (D:4)
  2 orc wizards
  Ijyb (D:4)
  Terence (D:2)
  Robin (D:2)
  4 gnolls
  8 adders
  A worm (D:3)
  3 dart slugs
  7 orcs
  3 giant cockroaches (D:1)
  19 goblins
  12 hobgoblins
  6 jackals
  9 kobolds
  3 quokkas
  2 ball pythons (D:1)
  11 bats
  6 frilled lizards
  8 rats
111 creatures vanquished.

Vanquished Creatures (others)
  An orc wizard (D:3)
1 creature vanquished.

Grand Total: 112 creatures vanquished

Notes
Turn   | Place    | Note
-------+----------+-------------------------------------------
     0 | D:1      | Azzok the Demonspawn Fighter began the quest for the Orb.
     0 | D:1      | Reached XP level 1. HP: 18/18 MP: 1/1
   103 | D:1      | Reached skill level 3 in Shields
   104 | D:1      | Gained mutation: You have sharp fingernails. [demonic
                  | ancestry]
   104 | D:1      | Reached XP level 2. HP: 20/24 MP: 2/2
   305 | D:1      | Reached skill level 1 in Unarmed Combat
   311 | D:1      | Gained mutation: Your flesh is cold resistant. (rC+)
                  | [demonic ancestry]
   311 | D:1      | Reached XP level 3. HP: 29/29 MP: 3/3
   606 | D:2      | Noticed Robin
   618 | D:2      | Killed Robin
   891 | D:2      | Noticed Terence
   899 | D:2      | Killed Terence
   899 | D:2      | Gained mutation: You have very sharp fingernails. [demonic
                  | ancestry]
   899 | D:2      | Reached XP level 4. HP: 31/35 MP: 4/4
  1074 | D:2      | Reached skill level 4 in Shields
  1601 | D:3      | Gained mutation: You have claws for hands. [demonic
                  | ancestry]
  1601 | D:3      | Reached XP level 5. HP: 22/41 MP: 5/5
  2343 | D:2      | HP: 2/41 [poisoned by a gnoll]
  3124 | D:3      | Found a bloodstained altar of Trog.
  3265 | D:4      | Reached XP level 6. HP: 42/47 MP: 6/6
  3381 | D:4      | Reached skill level 5 in Shields
  4356 | D:4      | Noticed Ijyb
  4376 | D:4      | Killed Ijyb
  4376 | D:4      | Gained mutation: A weak demonic guardian rushes to your
                  | aid. [demonic ancestry]
  4376 | D:4      | Reached XP level 7. HP: 39/52 MP: 7/7
  4377 | D:4      | Quit the game

Illustrated notes

Levels and vault maps discovered:
D:1:      scummos_arrival_simple_crosswalls, layout_rooms
D:2:      layout_rooms, nrook_mini_backslash, minmay_ruptured, uniq_terence,
          uniq_robin
D:3:      layout_loops_ring, lemuel_coloured_pillars_altar
D:4:      layout_layer_cave, uniq_ijyb

Skill      XL: |  1  2  3  4  5  6 |
---------------+-------------------+-----
Axes           | 2 |  2.1
Shields        | 3 4 5 |  5.5
Unarmed Combat | 1 2 3 4 |  4.3
Fighting       | |  3.0
Armour         | |  2.6

Action                   |  1- 3 |  4- 6 |  7- 9 || total
-------------------------+-------+-------+-------++-------
Melee: War axe           |   110 |    53 |       ||   163
       Unarmed           |       |   181 |       ||   181
  Use: Potion            |       |     5 |       ||     5
Armor: Scale mail        |    68 |    82 |       ||   150
Dodge: Dodged            |    48 |    58 |       ||   106
Block: Kite shield       |    68 |   126 |       ||   194

Table legend: (Time is in decaauts)
 A = Elapsed time spent in this place.
 B = Non-inter-level travel time spent in this place.
 C = Inter-level travel time spent in this place.
 D = Time resting spent in this place.
 E = Time spent auto-exploring this place.
 F = Levels seen in this place.
 G = Mean time per level.
                   A        B        C        D        E       F      G
               +--------+--------+--------+--------+--------+-----+--------+
         Total |   4457 |   4416 |     41 |   1037 |   2566 |   4 | 1114.2 |
       Dungeon |   4457 |   4416 |     41 |   1037 |   2566 |   4 | 1114.2 |
               +--------+--------+--------+--------+--------+-----+--------+

Top non-repeatable levels by time:
     D:2: 1617 daAuts
     D:4: 1179 daAuts
     D:3: 1024 daAuts
     D:1: 635 daAuts
